Map: World of Sleepers LE

Players

kers - Winner!

  • Race: Protoss Protoss
  • League: Platinum
  • Spawn Location: 1:00

Szelethus

  • Race: Terran Terran
  • League: Silver
  • Spawn Location: 7:00

VOD

Have the link to the VOD?

Description

Time

  • Played on: March 6, 2020, 3:06 p.m.
  • Length: 13:03
Show
View Real Time Build Order
Export as new Build Order

kers Protoss - Winner!

Build Orders: Archon Immortal 

Get SALT Encoding   

  12  0:01  Probe  
  13  0:13  Probe  
  14  0:17  Pylon  
  14  0:25  Probe  
  15  0:37  Probe (Chrono Boost)  
  15  0:38  Gateway  
  16  0:47  Assimilator  
  16  0:48  Probe (Chrono Boost)  
  17  0:53  Probe (Chrono Boost)  
  18  1:03  Probe  
  19  1:15  Probe  
  20  1:28  Probe  
  20  1:30  Cybernetics Core  
  21  1:39  Pylon  
  21  1:40  Probe  
  21  1:46  Gateway  
  22  1:52  Probe  
  23  2:04  Probe  
  23  2:06  Stalker  
  26  2:10  Assimilator  
  26  2:16  Probe  
  27  2:26  Nexus  
  27  2:28  Probe  
  28  2:38  Pylon  
  28  2:40  Probe  
  28  2:41  Sentry  
  31  2:56  Probe, Robotics Facility  
  32  3:09  Probe  
  33  3:15  Stalker  
  33  3:16  Stalker  
  37  3:21  Probe, Warp Gate (Chrono Boost)  
  37  3:22  Pylon  
  38  3:33  Probe  
  39  3:41  Probe  
  40  3:45  Probe, Stalker  
  40  3:46  Observer  
  40  3:48  Stalker  
  46  3:53  Probe  
  47  3:57  Probe, Pylon  
  48  4:05  Probe  
  48  4:09  Probe  
  50  4:12  Pylon  
  50  4:16  Observer  
  51  4:17  Probe  
  51  4:22  Probe, Stalker  
  55  4:26  Stalker  
  55  4:29  Probe  
  58  4:33  Gateway  
  58  4:34  Probe  
  58  4:36  Assimilator  
  59  4:39  Assimilator  
  59  4:41  Probe  
  60  4:46  Probe  
  60  4:47  Immortal  
  65  4:53  Probe  
  65  4:58  Probe  
  67  5:05  Probe  
  67  5:07  Forge  
  68  5:09  Twilight Council  
  68  5:10  Probe  
  69  5:18  Probe  
  69  5:19  Pylon  
  70  5:22  Probe  
  70  5:26  Immortal  
  75  5:30  Probe  
  75  5:33  Phoenix  
  75  5:34  Probe  
  77  5:44  Nexus  
  77  5:45  Probe  
  77  5:46  Probe, Pylon  
  77  5:49  Charge  
  78  5:57  Probe  
  78  5:58  Probe  
  78  6:03  Protoss Ground Weapons Level 1 (Chrono Boost)  
  80  6:07  Pylon  
  80  6:09  Probe  
  80  6:10  Probe, Assimilator  
  82  6:14  Assimilator, Templar Archives  
  82  6:21  Probe, Stalker x2  
  82  6:22  Stalker  
  82  6:23  Probe  
  90  6:33  Probe  
  90  6:35  Probe  
  92  6:43  Photon Cannon  
  92  6:47  Shield Battery  
  92  6:54  Probe x2, Gateway x2  
  92  6:56  Gateway  
  92  6:58  Probe, Gateway  
  95  7:06  Probe x2  
  93  7:10  Probe  
  94  7:18  Probe x2  
  94  7:21  Gateway  
  94  7:22  Probe, Gateway  
  97  7:24  Immortal  
  97  7:28  Sentry  
  103  7:30  Probe x2  
  103  7:34  Probe  
  106  7:48  Nexus  
  106  7:49  Shield Battery  
  106  7:50  Pylon  
  106  7:52  Pylon  
  106  7:54  Shield Battery  
  106  7:55  High Templar x5  
  106  7:56  Photon Cannon  
  116  8:02  Pylon  
  116  8:07  Pylon  
  116  8:09  Observer  
  116  8:11  Probe x3  
  120  8:19  Assimilator  
  120  8:23  Probe x3, Photon Cannon  
  120  8:24  High Templar x4  
  120  8:25  Photon Cannon  
  120  8:26  Archon x2  
  131  8:28  Archon x2, Photon Cannon  
  131  8:30  High Templar, Observer  
  134  8:43  Archon  
  134  8:46  Sentry  
  136  8:50  Pylon  
  136  8:54  Pylon  
  136  8:56  Immortal  
  136  8:57  Pylon  
  140  9:03  Protoss Ground Weapons Level 2 (Chrono Boost)  
  140  9:22  High Templar x3  
  140  9:23  High Templar  
  148  9:26  Zealot x4  
  148  9:27  Archon  
  148  9:28  Archon  
  156  9:35  Warp Prism  
  158  10:03  Gateway  
  158  10:05  Gateway  
  158  10:08  Stalker x4  
  158  10:09  Gateway, Stalker x3  
  172  10:15  Pylon  
  172  10:18  Pylon  
  172  10:25  Warp Prism  
  174  10:34  High Templar x4  
  182  10:38  Archon x2  
  182  10:53  Gateway  
  182  10:54  Gateway  
  182  10:58  Gateway  
  182  11:01  Immortal  
  186  11:07  Zealot x2  
  186  11:08  Zealot x5  
  156  11:25  Stalker x2  
  156  11:26  Stalker x3  
  144  11:36  High Templar x6  
  152  11:41  Archon x2  
  152  11:42  Archon, Stalker  
  154  12:00  Immortal  
  156  12:15  Stalker x3  
  152  12:16  Stalker x3  
  162  12:25  Zealot x6  
  162  12:26  Zealot  
  170  12:45  Sentry x2  
  170  12:47  Nexus  
  170  12:50  Pylon  
  168  12:53  Pylon  
  168  12:57  High Templar x4  
  168  12:58  High Templar x2  
Show
View Real Time Build Order
Export as new Build Order

Szelethus Terran 

Build Orders:  

Get SALT Encoding   

  12  0:01  SCV  
  13  0:13  SCV  
  14  0:18  Supply Depot  
  14  0:25  SCV  
  15  0:40  SCV  
  16  0:43  Barracks  
  16  0:52  SCV  
  16  0:57  Refinery  
  17  1:04  SCV  
  18  1:12  Supply Depot  
  18  1:24  SCV  
  20  1:41  Orbital Command  
  19  1:47  Marine  
  20  1:56  Command Center  
  20  2:05  Marine  
  22  2:08  SCV  
  22  2:20  SCV  
  22  2:22  Factory  
  23  2:23  Marine  
  24  2:34  SCV  
  25  2:46  SCV  
  25  2:50  Marine  
  27  2:58  SCV  
  27  2:59  Barracks  
  27  3:00  Supply Depot  
  27  3:02  Engineering Bay  
  28  3:12  Orbital Command  
  28  3:15  SCV  
  28  3:24  Barracks Reactor  
  28  3:25  Barracks  
  28  3:29  Supply Depot  
  28  3:30  SCV, Refinery  
  29  3:34  Factory Tech Lab  
  29  3:40  SCV  
  29  3:41  Barracks  
  30  3:42  SCV  
  31  3:52  SCV  
  31  3:54  SCV  
  33  3:57  Siege Tank  
  36  4:04  SCV  
  36  4:06  SCV, Terran Infantry Weapons Level 1  
  38  4:11  Barracks Tech Lab  
  38  4:12  Marine x2  
  40  4:28  SCV x2  
  40  4:30  Marine x2  
  44  4:33  Marauder  
  46  4:41  SCV x2, Command Center  
  46  4:42  Starport  
  48  4:55  Marine  
  48  4:56  Marine  
  48  4:57  Sensor Tower, Marauder  
  52  5:05  Missile Turret  
  52  5:11  Marine  
  52  5:12  Missile Turret  
  52  5:13  Marine x2, Missile Turret  
  52  5:14  Siege Tank  
  58  5:18  SCV x2  
  60  5:33  Refinery  
  60  5:47  Marine  
  60  5:48  Marine, Refinery  
  62  5:52  Marine x2  
  64  5:57  Supply Depot  
  64  5:59  Supply Depot  
  64  6:00  Terran Infantry Armor Level 1  
  64  6:03  Armory  
  64  6:04  Medivac  
  66  6:11  SCV x2  
  66  6:12  Orbital Command  
  68  6:34  Starport, Missile Turret, Viking  
  68  6:35  Missile Turret x2  
  68  6:38  Missile Turret x2  
  70  6:43  Marine x3  
  70  6:46  Siege Tank  
  76  6:52  SCV x3  
  79  7:01  Marauder  
  81  7:04  SCV x2  
  83  7:19  SCV x2  
  85  7:30  Marine x2, Supply Depot  
  85  7:31  Marine  
  85  7:32  Supply Depot  
  85  7:35  Starport Reactor, Starport Tech Lab  
  88  7:38  Siege Tank  
  88  7:40  Marauder, Command Center  
  93  7:52  SCV x3  
  93  7:53  Supply Depot  
  96  8:02  Marauder  
  96  8:03  Barracks Tech Lab  
  96  8:04  SCV  
  99  8:07  Viking  
  101  8:13  Marine x2  
  101  8:19  SCV x3  
  106  8:24  Marauder  
  108  8:31  Marine x3, SCV, Refinery  
  112  8:36  Siege Tank  
  112  8:37  Viking, Terran Infantry Weapons Level 2  
  117  8:51  Medivac x2, Marauder  
  117  8:52  Supply Depot x2  
  123  8:55  Supply Depot, Orbital Command  
  123  9:00  SCV x2  
  125  9:04  Marauder  
  125  9:06  Marine x2  
  125  9:07  Medivac  
  125  9:08  Stimpack, Siege Tank  
  134  9:11  Smart Servos  
  134  9:18  Marauder  
  134  9:20  SCV x3  
  134  9:21  SCV  
  140  9:32  SCV  
  141  9:39  SCV  
  141  9:40  SCV x2  
  141  9:44  SCV, Marine x3  
  141  9:45  Marine  
  149  9:47  Siege Tank  
  152  9:55  SCV x2, Factory  
  152  9:56  Starport  
  152  9:58  Factory  
  154  10:03  Marauder x2  
  157  10:19  Siege Tank  
  160  10:21  Marine x2  
  160  10:24  Marine, Marauder  
  160  10:26  SCV  
  160  10:27  SCV x2  
  168  10:31  Medivac x2  
  168  10:33  Starport  
  172  10:40  Supply Depot  
  172  10:41  Supply Depot  
  172  10:42  Marine, Supply Depot, Medivac  
  177  10:43  Marauder  
  177  10:46  Marauder  
  179  10:53  Refinery  
  179  10:57  Refinery  
  179  11:02  Siege Tank  
  182  11:05  Marine x3  
  182  11:06  Marine  
  182  11:07  Factory Tech Lab  
  182  11:08  Factory Tech Lab  
  143  11:28  Marine  
  107  11:33  Marine x3  
  107  11:36  Siege Tank x3  
  98  11:46  Marine, Orbital Command  
  99  11:51  Marine x3  
  99  11:52  SCV x3  
  90  12:01  Banshee  
  90  12:04  Marine  
  85  12:09  Marine x3  
  84  12:22  Marine  
  81  12:25  SCV x3  
  81  12:26  SCV  
  81  12:27  Marine x3  
  86  12:35  Refinery  
  82  12:40  Marine  
  65  12:44  Marine x2  
  65  12:45  Marine  
Tags
 
Add a new tag
Caveats
  • Supply blocks, unpowered buildings, or Contaminate may cause inaccurate times.
  • Supply counts are checked every 10 seconds.